 Dungeon Crawl Stone Soup version 0.30-a0-778-g2ef04afb54 (webtiles) character file.

Game seed: 1751760723699210073

7 Esekla the Sneak (level 2, 8/21 HPs)
             Began as an Octopode Delver on Feb 16, 2023.
             Quit the game on level 5 of the Dungeon.
             The game lasted 00:01:15 (129 turns).

Esekla the Sneak (Octopode Delver)                   Turns: 129, Time: 00:01:15

Health: 8/21       AC:  1    Str: 11    XL:     2   Next: 4%
Magic:  2/2        EV: 13    Int: 12    God:
Gold:   44         SH:  0    Dex: 13    Spells: 1/1 levels left

rFire   . . .      SeeInvis .    a - +0 falchion (elec)
rCold   . . .      Faith    .    (no shield)
rNeg    . . .      Spirit   .    (helmet restricted)
rPois   .          Reflect  .    (no amulet)
rElec   .          Harm     .    (no ring)
rCorr   .          Rampage  .    (no ring)
Will    .....                    (no ring)
Stlth   ++++                     (no ring)
HPRegen 0.23/turn                (no ring)
MPRegen 0.08/turn                (no ring)
                                 (no ring)
                                 (no ring)

@: no status effects
A: almost no armour, amphibious, 8 rings, camouflage 1, gelatinous body 1,
(nimble swimmer 1), tentacles
a: no special abilities


You were on level 5 of the Dungeon.
You visited 1 branch of the dungeon, and saw 1 of its levels.

You collected 44 gold pieces.

Inventory:

Hand Weapons
 a - a +0 falchion of electrocution (weapon)
 i - a +0 spear
Wands
 f - a wand of digging (3)
Scrolls
 b - a scroll of fog
 d - a scroll of fear
 g - a scroll of acquirement {unknown}
 h - a scroll of immolation {unknown}
Potions
 c - a potion of brilliance {unknown}
 e - a potion of haste


   Skills:
 * Level 3.1 Fighting
 * Level 2.1 Long Blades
 * Level 2.0 Dodging
 + Level 6.8 Stealth
 * Level 0.2 Spellcasting


You had one spell level left.
You didn't know any spells.
Your spell library was empty.

Dungeon Overview and Level Annotations

Branches:
Dungeon (5/15)
 Temple: D:4-7

Altars:
Uskayaw


Innate Abilities, Weirdness & Mutations

You cannot wear most types of armour.
You are amphibious.
You can wear up to eight rings at the same time.
Your skin changes colour to match your surroundings (Stealth+).
Your rubbery body absorbs attacks. (AC +1, EV +1)
((You are camouflaged when in or above water. (Stealth+)))
You have tentacles for arms and can constrict up to eight enemies at once.


Message History

h - a scroll labelled BUIN LOREUPICO You see here a +0 spear.
i - a +0 spear
Found a leather armour.
You see here a +0 leather armour.
Found 20 gold pieces.
Found a hide-covered altar of Uskayaw.
Found 9 gold pieces.
An ufetubus comes into view.
You see here 20 gold pieces.
You now have 20 gold pieces.
You miss the ufetubus. Your grab misses the ufetubus. The ufetubus misses you.
The ufetubus barely misses you.
You closely miss the ufetubus. Your grab misses the ufetubus.
The ufetubus closely misses you. The ufetubus hits you. x2
The ufetubus closely misses you.
You miss the ufetubus. Your grab misses the ufetubus. The ufetubus hits you.
The ufetubus closely misses you. x2; The ufetubus barely misses you.
You barely miss the ufetubus. Your grab misses the ufetubus.
The ufetubus hits you but does no damage.
The ufetubus barely misses you. The ufetubus misses you.
The ufetubus barely misses you.
You hit the ufetubus. Your grab misses the ufetubus.
The ufetubus is lightly wounded.
The ufetubus barely misses you. The ufetubus completely misses you.
The ufetubus closely misses you. The ufetubus hits you.
* * * LOW HITPOINT WARNING * * *
You closely miss the ufetubus. Your grab misses the ufetubus.
You squeeze the ufetubus.
The ufetubus is heavily wounded.
The ufetubus hits you.
* * * LOW HITPOINT WARNING * * *
The ufetubus barely misses you.
You hit the ufetubus but do no damage. You grab the ufetubus.
You squeeze the ufetubus.
You kill the ufetubus!
You have reached level 2!
Found 15 gold pieces.
You now have 29 gold pieces (gained 9).
You now have 44 gold pieces (gained 15).
Are you sure you want to abandon this character and quit the game? (Confirm with "yes".)

*######* #......#####
** #..........# ,*
#.....8....# ,*
*#...8...8..# ,*
*...........#
+*******...8....@8.#
,,,,,**,...........#
,,,,,**,*#..8...8..##
,,,,,**,*#....8.....#
,,,,,**,*#..........#
,,,,,**,*##.......#.#
,,,,,,*,* #.#._.#.#.#
**,,***,* #.......#.#
*,,***,*#####.####.#


There were no monsters in sight!

Vanquished Creatures
  An ufetubus (D:5)
  An orc (D:5)
2 creatures vanquished.

Notes
Turn   | Place    | Note
-------+----------+-------------------------------------------
     0 | D:5      | Esekla the Octopode Delver began the quest for the Orb.
     0 | D:5      | Reached XP level 1. HP: 16/16 MP: 1/1
   105 | D:5      | Found a hide-covered altar of Uskayaw.
   119 | D:5      | Reached XP level 2. HP: 5/21 MP: 2/2
   129 | D:5      | Quit the game

Illustrated notes

Levels and vault maps discovered:
D:5:      nicolae_BIG_FREAKIN_CUBE, layout_basic, nicolae_uskayaw_dance_hall

Action                     || total
---------------------------++-------
  Melee: Falchion          ||     8
         Tentacles         ||     3
         Constrict         ||     2
    Use: Scroll            ||     1
   Stab: Sleeping          ||     1
 Armour: Skin              ||     1
  Dodge: Dodged            ||    14

Table legend: (Time is in decaauts)
 A = Elapsed time spent in this place.
 B = Non-inter-level travel time spent in this place.
 C = Inter-level travel time spent in this place.
 D = Time resting spent in this place.
 E = Time spent auto-exploring this place.
 F = Levels seen in this place.
 G = Mean time per level.
                   A        B        C        D        E       F      G
               +--------+--------+--------+--------+--------+-----+--------+
         Total |    130 |    130 |      0 |      4 |      0 |   1 |  130.0 |
       Dungeon |    130 |    130 |      0 |      4 |      0 |   1 |  130.0 |
               +--------+--------+--------+--------+--------+-----+--------+

Top non-repeatable levels by time:
     D:5: 130 daAuts
